 Dungeon Crawl Stone Soup version 0.23-a0-32-g1388f29e54 (webtiles) character file.

87055 Ablot the Thaumaturge (level 15, -1/118 HPs)
             Began as a Gnoll Skald on July 30, 2018.
             Was the Champion of Cheibriados.
             Killed by divine providence
             ... invoked by an orc high priest
              (9 damage)
             ... on level 2 of the Orcish Mines on Aug 3, 2018.
             The game lasted 02:41:26 (22177 turns).

Ablot the Thaumaturge (Gnoll Skald)                Turns: 22177, Time: 02:41:27

Health: -1/118     AC: 19    Str: 31    XL:     15   Next: 89%
Magic:  21/30      EV: 26    Int: 30    God:    Cheibriados [******]
Gold:   2757       SH: 14    Dex: 34    Spells: 2/36 levels left

rFire    . . .     SeeInvis .   L - +8 autumn katana {slice, Clar}
rCold    + . .     Gourm    .   v - +0 buckler
rNeg     . . .     Faith    .   Q - +4 troll leather armour
rPois    .         Spirit   .   G - +1 helmet
rElec    +         Reflect  +   U - +2 cloak {+Inv}
rCorr    .         Harm     .   T - +2 pair of gloves
MR       +....     Clarity  +   (no boots)
Stlth    +++++.....             x - +5 amulet of reflection
HPRegen  1.69/turn              Z - ring of wizardry
MPRegen  0.22/turn              C - ring "Akkiah" {rElec rC+}

@: shrouded, singing, very slightly contaminated, regenerating, slowed,
invisible, very slow
A: distributed training, fangs 1, strong nose
a: Bend Time, Temporal Distortion, Slouch, Step From Time, Renounce Religion


You were on level 2 of the Orcish Mines.
You worshipped Cheibriados.
Cheibriados was exalted by your worship.
You were hungry.

You visited 4 branches of the dungeon, and saw 24 of its levels.
You also visited: Sewer and Ossuary.

You collected 2919 gold pieces.
You spent 162 gold pieces at shops.

Inventory:

Hand Weapons
 K - a +1 blowgun
 L - the +8 autumn katana (weapon) {slice, Clar}
   (You found it on level 7 of the Dungeon)

   It inflicts extra damage upon your enemies.
   It protects you against confusion.
Missiles
 a - 5 silver tomahawks (quivered)
 b - 7 throwing nets
 f - 10 needles of confusion
 h - 557 arrows
 r - 140 poisoned needles
Armour
 v - a +0 buckler (worn)
 G - a +1 helmet (worn)
 Q - a +4 troll leather armour (worn)
 T - a +2 pair of gloves (worn)
 U - a +2 cloak of invisibility (worn)
Magical Staves
 M - an uncursed staff of fire
Jewellery
 m - an uncursed ring of poison resistance
 x - a +5 amulet of reflection (around neck)
 C - the ring "Akkiah" (right hand) {rElec rC+}
   (You found it on level 6 of the Lair of Beasts)

   [ring of protection from cold]

   It protects you from cold.
   It insulates you from electricity.
 W - an uncursed ring of resist corrosion
 Z - a ring of wizardry (left hand)
Wands
 g - a wand of enslavement (6)
 o - a wand of disintegration (15)
 z - a wand of paralysis (14)
 D - a wand of scattershot (5)
 P - a wand of iceblast (30)
Scrolls
 c - 11 scrolls of remove curse
 l - 7 scrolls of magic mapping
 n - 12 scrolls of teleportation
 t - 8 scrolls of fog
 u - 2 scrolls of enchant weapon
 w - a scroll of summoning
 y - a scroll of fear
 H - a scroll of blinking
 O - 2 scrolls of brand weapon
Potions
 i - 7 potions of flight
 j - 5 potions of mutation
 k - 4 potions of brilliance
 s - 5 potions of curing
 B - 2 potions of lignification
 F - a potion of invisibility
 I - a potion of resistance
 J - 3 potions of agility
 N - 4 potions of magic
 R - 2 potions of might
 S - a potion of cancellation
Miscellaneous
 q - a lamp of fire
 X - a fan of gales
 Y - a phial of floods
Comestibles
 d - 51 rations
 p - 26 chunks of flesh


   Skills:
 + Level 11.1 Fighting
 + Level 11.1 Short Blades
 + Level 10.2 Long Blades
 + Level 10.2 Axes
 + Level 10.2 Maces & Flails
 + Level 10.2 Polearms
 + Level 10.2 Staves
 + Level 10.2 Slings
 + Level 10.2 Bows
 + Level 10.2 Crossbows
 + Level 10.2 Throwing
 + Level 10.5 Armour
 + Level 11.1 Dodging
 + Level 10.2 Stealth
 + Level 10.2 Shields
 + Level 10.2 Unarmed Combat
 + Level 11.3 Spellcasting
 + Level 8.6 Conjurations
 + Level 8.6 Hexes
 + Level 10.2 Charms
 + Level 8.6 Summonings
 + Level 8.6 Necromancy
 + Level 8.6 Translocations
 + Level 8.6 Transmutations
 + Level 8.6 Fire Magic
 + Level 8.6 Ice Magic
 + Level 8.6 Air Magic
 + Level 8.6 Earth Magic
 + Level 8.6 Poison Magic
 + Level 11.0 Invocations
 + Level 10.2 Evocations


You had 2 spell levels left.
You knew the following spells:

 Your Spells              Type           Power        Failure   Level  Hunger
a - Infusion              Chrm           ####         1%          1    None
b - Song of Slaying       Chrm           ######..     1%          2    None
c - Shroud of Golubria    Chrm/Tloc      ######....   1%          2    None
d - Regeneration          Chrm/Necr      ######....   1%          3    None
e - Spectral Weapon       Hex/Chrm       ######..     1%          3    None
f - Call Imp              Summ           ######..     1%          2    None
g - Tukima's Dance        Hex            ######..     1%          3    None
h - Summon Butterflies    Summ           ######..     1%          1    None
i - Throw Flame           Conj/Fire      ######       1%          2    None
j - Call Canine Familiar  Summ           ######..     1%          3    None
k - Mephitic Cloud        Conj/Pois/Air  ######..     1%          3    None
l - Conjure Flame         Conj/Fire      ######..     1%          3    None
m - Blink                 Tloc           N/A          1%          2    None
n - Olgreb's Toxic Radia  Pois           ######..     1%          4    None

Your spell library contained the following spells:

 Spells                   Type           Power        Failure   Level  Hunger
 Fireball                 Conj/Fire      ######....   1%          5    ###....
 Apportation              Tloc           ######       1%          1    None
 Bolt of Magma            Conj/Fire/Erth ######....   1%          5    ###....
 Invisibility             Hex            ######..     6%          6    #####..
 Venom Bolt               Conj/Pois      ######....   1%          5    ###....
 Teleport Other           Tloc           ######..     1%          3    None
 Summon Small Mammal      Summ           ####         1%          1    None
 Animate Skeleton         Necr           N/A          1%          1    None
 Sticky Flame             Conj/Fire      ######..     1%          4    None
 Summon Ice Beast         Ice/Summ       ######..     1%          4    None
 Sting                    Conj/Pois      ####         1%          1    None
 Statue Form              Tmut/Erth      ######...    6%          6    #####..
 Dragon Form              Tmut           ######....   32%         7    ######.
 Confusing Touch          Hex            ######       1%          1    None
 Flame Tongue             Conj/Fire      #####        1%          1    None
 Silence                  Hex/Air        ######....   1%          5    ###....
 Static Discharge         Conj/Air       ######..     1%          3    None
 Alistair's Intoxication  Tmut/Pois      ######..     1%          5    ###....
 Passage of Golubria      Tloc           N/A          1%          4    None
 Inner Flame              Hex/Fire       ######..     1%          3    None
 Summon Lightning Spire   Summ/Air       ######..     1%          4    None
 Summon Guardian Golem    Hex/Summ       ######..     1%          3    None
 Hydra Form               Tmut           ######....   6%          6    #####..
 Irradiate                Conj/Tmut      ######....   1%          5    ###....
 Gell's Gravitas          Tloc           ######....   1%          3    None
 Lesser Beckoning         Tloc           ######....   1%          3    None
 Poisonous Vapours        Pois/Air       ######       1%          2    None


Dungeon Overview and Level Annotations

Branches:
Dungeon (15/15)            Temple (1/1) D:7            Lair (6/6) D:8
 Shoals (0/4) Lair:4        Snake (0/4) Lair:2        Slime (0/5) Lair:5
    Orc (2/2) D:10            Elf (0/3) Orc:2        Vaults (0/5) D:13
 Depths (0/5) D:15

Altars:
Ashenzari
Cheibriados
Dithmenos
Elyvilon
Fedhas
Gozag
Hepliaklqana
Kikubaaqudgha
Makhleb
Nemelex Xobeh
Okawaru
Qazlal
Ru
Sif Muna
Trog
Uskayaw
Vehumet
Wu Jian
Xom
Yredelemnul
Zin
The Shining One

Shops:
D:2 *   D:8 *   D:9 !*   Orc:1 ?

Annotations:
D:7 exclusion: statue


Innate Abilities, Weirdness & Mutations

Your experience applies equally to all skills.
You have very sharp teeth.
Your uncanny sense of smell can sniff out nearby items.


Message History

The bolt hits the orc warrior!
The orc warrior dies!
You block the orc's attack. The orc wizard closely misses you.
The orc knight roars a battlecry!
The orcs go into a battle-frenzy!
The orc priest casts a cantrip, but nothing happens.
An orc comes into view. It is wielding a mace of draining.
The orc wizard casts a spell at you.
You feel yourself slow down. The orc completely misses you.
The orc priest calls down the wrath of Beogh upon you.
Beogh smites you!
* * * LOW HITPOINT WARNING * * *
Things that are here:
a short sword of venom; a ring mail; an orc corpse The orc no longer looks unusually strong.
The chaos spawn degenerates into a cloud of primal chaos!
The orc warrior no longer looks unusually strong.
The orc high priest mumbles some strange prayers to Beogh against you.
Beogh smites you!
You die...

### #.#(o.........
###.####)#..o)........
###.....#oo))o).o.......
#........o.oo)o)........
....#.#..)oo4oo§oo.....⌠
...####.....)3.o........
.....###.))..())o.....o.
......####.#)o)oo.o.....
..#..## #.#....@.......
......# ########...####
..#..## ...# .##...# ##
...# ..##.###.## .....
.))...#...## ......
.)([..#....# ..#####
.[)....#..## ..#
...........#


You could see an orc warlord, 2 orc knights, 2 orc high priests, a sun demon, an
orange demon, an orc sorcerer, 5 orc warriors, 2 orc priests, 2 orc wizards and
7 orcs.

Vanquished Creatures
  Kirke (D:14)
  The ghost of flinch the Frost Mage, a journeyman OpIE of Vehumet (D:13)
  Harold (D:7)
  Fannar (D:11)
  7 hydras
  4 vault guards (D:13)
  3 centaur warriors
  Erica (Lair:1)
  4 two-headed ogres
  5 death yaks
  A tengu warrior (D:14)
  A two-headed ogre (shapeshifter) (D:15)
  An orc high priest (Orc:2)
  Sonja (Lair:3)
  A skeletal warrior (D:13)
  3 unseen horrors
  A wizard (D:14)
  An orc knight (Orc:2)
  A wolf spider (D:15)
  2 deep elf magi (D:13)
  4 oklob plants (Lair:4)
  3 orc sorcerers (Orc:2)
  5 cyclopes
  4 manticores
  12 elephants
  Joseph (Lair:1)
  Maurice (D:13)
  3 gargoyles
  9 spiny frogs
  2 black mambas
  11 rime drakes
  2 yaktaurs (D:12)
  3 komodo dragons
  An efreet (D:13)
  4 kobold demonologists (D:13)
  6 trolls
  4 polar bears
  A meliai (D:12)
  A merfolk (D:10)
  A polar bear (shapeshifter) (D:13)
  5 hornets
  A hornet (shapeshifter) (D:13)
  A raiju (shapeshifter) (D:13)
  7 dream sheep (Lair:6)
  12 slime creatures
  Grinder (D:5)
  14 blink frogs
  A snapping turtle (Lair:4)
  10 hippogriffs
  A vampire (D:13)
  A hog (D:14)
  A wraith (D:10)
  15 spriggans (Lair:6)
  A wyvern (Lair:4)
  Grum (Lair:1)
  A human (D:10)
  24 yaks
  5 basilisks
  9 steam dragons (Lair:3)
  A hungry ghost (D:11)
  Menkaure (D:7)
  Duvessa (D:5)
  An acid dragon (D:14)
  21 water moccasins
  7 porcupines
  An ice beast (D:8)
  31 orc warriors
  3 eyes of draining (D:12)
  2 phantoms
  5 black bears
  2 sky beasts
  8 ogres
  3 boggarts (Lair:6)
  A necrophage (D:8)
  30 wolves
  20 centaurs
  12 crocodiles
  17 big kobolds
  2 elf zombies (Ossuary)
  13 bullfrogs
  5 scorpions
  Dowan (D:5)
  2 killer bees
  7 howler monkeys
  An electric eel (Lair:4)
  4 crimson imps
  3 centaur zombies
  10 jellies
  A quasit (D:14)
  2 bullfrog zombies
  3 hounds
  26 orc priests
  A gnoll shaman (D:10)
  3 bullfrog skeletons
  33 orc wizards
  4 centaur skeletons
  A human zombie (Ossuary)
  Crazy Yiuf (D:7)
  2 iguanas
  10 worker ants
  2 big kobold zombies (Ossuary)
  4 hound zombies
  A hound skeleton (D:5)
  3 mummies (Ossuary)
  A worker ant zombie (D:10)
  21 adders
  7 gnolls
  4 shadow imps
  25 oozes
  3 adder zombies
  6 worms
  3 dart slugs
  8 leopard geckos
  115 orcs
  17 bats
  2 giant cockroaches
  8 goblins
  6 hobgoblins
  21 jackals
  7 quokkas
  5 ball pythons
  A ball python zombie (D:2)
  5 frilled lizards
  A giant cockroach zombie (D:5)
  3 goblin zombies (Ossuary)
  3 hobgoblin zombies (Ossuary)
  3 jackal zombies (Ossuary)
  40 kobolds
  5 kobold zombies (Ossuary)
  A leopard gecko zombie (D:7)
  An orc zombie (Ossuary)
  3 quokka zombies (Ossuary)
  10 rats
  5 rat zombies (Ossuary)
  2 plants
884 creatures vanquished.

Vanquished Creatures (others)
  An unseen horror (D:11)
  3 humans (D:14)
  An orc warrior (Orc:2)
  2 centaurs
  A bullfrog (D:14)
  An orc priest (Orc:2)
  An orc wizard (Orc:2)
  A worker ant (D:14)
  3 orcs (Orc:2)
  7 fungi
  10 plants
  16 spectral weapons
47 creatures vanquished.

Grand Total: 931 creatures vanquished

Notes
Turn   | Place    | Note
-------+----------+-------------------------------------------
     0 | D:1      | Ablot the Gnoll Skald began the quest for the Orb.
     0 | D:1      | Reached XP level 1. HP: 20/20 MP: 6/6
    35 | D:1      | Reached XP level 2. HP: 7/26 MP: 0/7
    47 | D:1      | Learned a level 2 spell: Song of Slaying
    50 | D:1      | Learned a level 2 spell: Shroud of Golubria
   532 | D:1      | Reached XP level 3. HP: 31/31 MP: 9/9
   537 | D:1      | Learned a level 3 spell: Regeneration
   541 | D:1      | Learned a level 3 spell: Spectral Weapon
   585 | D:1      | Reached skill level 5 in Spellcasting
  1193 | D:2      | Reached skill level 1 in Invocations
  1292 | D:2      | Reached skill level 1 in Long Blades
  1292 | D:2      | Reached skill level 1 in Axes
  1292 | D:2      | Reached skill level 1 in Maces & Flails
  1292 | D:2      | Reached skill level 1 in Polearms
  1292 | D:2      | Reached skill level 1 in Staves
  1292 | D:2      | Reached skill level 1 in Slings
  1292 | D:2      | Reached skill level 1 in Bows
  1292 | D:2      | Reached skill level 1 in Crossbows
  1292 | D:2      | Reached skill level 1 in Throwing
  1292 | D:2      | Reached skill level 1 in Stealth
  1292 | D:2      | Reached skill level 1 in Shields
  1292 | D:2      | Reached skill level 1 in Unarmed Combat
  1292 | D:2      | Reached skill level 1 in Evocations
  1326 | D:2      | Found a sacrificial altar of Ru.
  1347 | D:2      | Found an opulent altar of Gozag.
  1437 | D:2      | Reached XP level 4. HP: 38/38 MP: 11/11
  1451 | D:2      | Found Gozag's Platinum Reserve.
  2174 | D:3      | Found a white marble altar of Elyvilon.
  2212 | D:3      | Reached skill level 1 in Conjurations
  2212 | D:3      | Reached skill level 1 in Hexes
  2212 | D:3      | Reached skill level 1 in Summonings
  2212 | D:3      | Reached skill level 1 in Necromancy
  2212 | D:3      | Reached skill level 1 in Translocations
  2212 | D:3      | Reached skill level 1 in Transmutations
  2212 | D:3      | Reached skill level 1 in Fire Magic
  2212 | D:3      | Reached skill level 1 in Ice Magic
  2212 | D:3      | Reached skill level 1 in Air Magic
  2212 | D:3      | Reached skill level 1 in Earth Magic
  2212 | D:3      | Reached skill level 1 in Poison Magic
  2272 | D:3      | Reached XP level 5. HP: 34/43 MP: 12/12
  3162 | D:3      | Reached XP level 6. HP: 30/50 MP: 5/13
  3477 | D:4      | Found a sand-covered staircase.
  3484 | Ossuary  | Entered an ossuary
  3662 | Ossuary  | Reached skill level 5 in Fighting
  3662 | Ossuary  | Reached skill level 5 in Short Blades
  3662 | Ossuary  | Reached skill level 5 in Dodging
  3773 | Ossuary  | Reached XP level 7. HP: 51/56 MP: 0/15
  4355 | D:4      | Found a hide-covered altar of Uskayaw.
  4476 | D:4      | Found a blossoming altar of Fedhas.
  4986 | D:5      | Entered Level 5 of the Dungeon
  5059 | D:5      | Noticed Duvessa
  5059 | D:5      | Noticed Dowan
  5215 | D:5      | HP: 1/56 [Duvessa/short sword (9)]
  5220 | D:5      | Found a glowing drain.
  5226 | Sewer    | Entered a sewer
  5790 | Sewer    | Reached XP level 8. HP: 63/63 MP: 16/16
  6052 | D:5      | Killed Dowan
  6099 | D:5      | Killed Duvessa
  6310 | D:5      | Found an iron altar of Okawaru.
  6674 | D:5      | Noticed Grinder
  6700 | D:5      | Paralysed by Grinder for 6 turns
  6709 | D:5      | Killed Grinder
  7073 | D:6      | Reached XP level 9. HP: 62/69 MP: 15/18
  7362 | D:6      | Found a burning altar of Makhleb.
  7362 | D:6      | Found a basalt altar of Yredelemnul.
  7363 | D:6      | Found an ancient bone altar of Kikubaaqudgha.
  7825 | D:7      | Noticed Menkaure
  7834 | D:7      | Killed Menkaure
  7842 | D:7      | Found a staircase to the Ecumenical Temple.
  7855 | Temple   | Entered the Ecumenical Temple
  7905 | Temple   | Became a worshipper of Cheibriados the Contemplative
  8107 | D:7      | Reached skill level 5 in Armour
  8188 | D:7      | Noticed Harold
  8210 | D:7      | Killed Harold
  8210 | D:7      | Reached skill level 5 in Invocations
  8374 | D:7      | Reached XP level 10. HP: 54/77 MP: 20/20
  8409 | D:7      | Reached * piety under Cheibriados
  8692 | D:7      | Found a radiant altar of Vehumet.
  8782 | D:7      | Found a runed door.
  8788 | D:7      | Noticed Crazy Yiuf
  8792 | D:7      | Killed Crazy Yiuf
  8860 | D:7      | Found the +8 autumn katana {slice, Clar}
  8987 | D:8      | Found a shadowy altar of Dithmenos.
  9054 | D:8      | Found an iron altar of Okawaru.
  9066 | D:8      | Found a hazy altar of Hepliaklqana.
  9155 | D:8      | Found Puup's Assorted Antiques.
  9263 | D:8      | Reached skill level 5 in Long Blades
  9263 | D:8      | Reached skill level 5 in Axes
  9263 | D:8      | Reached skill level 5 in Maces & Flails
  9263 | D:8      | Reached skill level 5 in Polearms
  9263 | D:8      | Reached skill level 5 in Staves
  9263 | D:8      | Reached skill level 5 in Slings
  9263 | D:8      | Reached skill level 5 in Bows
  9263 | D:8      | Reached skill level 5 in Crossbows
  9263 | D:8      | Reached skill level 5 in Throwing
  9263 | D:8      | Reached skill level 5 in Stealth
  9263 | D:8      | Reached skill level 5 in Shields
  9263 | D:8      | Reached skill level 5 in Unarmed Combat
  9263 | D:8      | Reached skill level 5 in Evocations
  9282 | D:8      | Found a bloodstained altar of Trog.
  9431 | D:8      | Noticed a death yak
  9444 | D:8      | Killed a death yak
  9461 | D:8      | Found a staircase to the Lair.
  9556 | D:8      | Reached ** piety under Cheibriados
  9652 | D:8      | Noticed a two-headed ogre
  9659 | D:8      | Killed a two-headed ogre
 10023 | D:9      | Reached XP level 11. HP: 79/84 MP: 14/22
 10097 | D:9      | Found Lienid's Assorted Antiques.
 10097 | D:9      | Noticed a two-headed ogre
 10110 | D:9      | Killed a two-headed ogre
 10134 | D:9      | Bought a scroll labeled YTYIDA XOLOMUDO for 28 gold pieces
 10320 | D:9      | Found a sparkling altar of Nemelex Xobeh.
 10326 | D:9      | Reached *** piety under Cheibriados
 10331 | D:9      | Found Xanorch's Distillery.
 10345 | D:9      | Bought a potion of lignification for 48 gold pieces
 10345 | D:9      | Bought a potion of might for 64 gold pieces
 10561 | D:10     | Entered Level 10 of the Dungeon
 10661 | D:10     | Reached skill level 5 in Conjurations
 10661 | D:10     | Reached skill level 5 in Hexes
 10661 | D:10     | Reached skill level 5 in Summonings
 10661 | D:10     | Reached skill level 5 in Necromancy
 10661 | D:10     | Reached skill level 5 in Translocations
 10661 | D:10     | Reached skill level 5 in Transmutations
 10661 | D:10     | Reached skill level 5 in Fire Magic
 10661 | D:10     | Reached skill level 5 in Ice Magic
 10661 | D:10     | Reached skill level 5 in Air Magic
 10661 | D:10     | Reached skill level 5 in Earth Magic
 10661 | D:10     | Reached skill level 5 in Poison Magic
 10809 | D:10     | Reached **** piety under Cheibriados
 10856 | D:10     | Found a staircase to the Orcish Mines.
 10949 | D:10     | Upgraded the game from 0.22-a0-879-g615c57abe7 to 0.23-a0-26-g9187234747
 11019 | D:10     | Noticed a two-headed ogre
 11043 | D:10     | Killed a two-headed ogre
 11398 | D:11     | Noticed a manticore
 11407 | D:11     | Killed an unseen horror
 11409 | D:11     | Reached ***** piety under Cheibriados
 11413 | D:11     | Killed a manticore
 11537 | D:11     | You fall through a shaft!
 11621 | D:11     | Found an ancient bone altar of Kikubaaqudgha.
 11791 | D:11     | Killed an unseen horror
 11842 | D:11     | Noticed Fannar
 11858 | D:11     | Killed Fannar
 11858 | D:11     | Reached XP level 12. HP: 93/93 MP: 17/24
 12031 | D:12     | Noticed a two-headed ogre
 12039 | D:12     | Killed a two-headed ogre
 12064 | D:12     | Learned a level 2 spell: Call Imp
 12432 | D:12     | Reached ****** piety under Cheibriados
 12896 | D:13     | Noticed a centaur warrior
 12899 | D:13     | Killed a centaur warrior
 13082 | D:13     | Noticed Maurice
 13094 | D:13     | Killed Maurice
 13298 | D:13     | Learned a level 3 spell: Tukima's Dance
 13300 | D:13     | Learned a level 1 spell: Summon Butterflies
 13349 | D:13     | Found a runed gate.
 13349 | D:13     | Found a runed gate.
 13349 | D:13     | Found a runed gate.
 13351 | D:13     | Noticed flinch's ghost (journeyman OpIE)
 13449 | D:13     | Noticed a seven-headed hydra
 13477 | D:13     | Killed a seven-headed hydra
 13477 | D:13     | Reached XP level 13. HP: 73/101 MP: 18/26
 13510 | D:13     | Found a white marble altar of Elyvilon.
 13645 | D:13     | Noticed a vault guard
 13646 | D:13     | Noticed a vault guard
 13646 | D:13     | Noticed a vault guard
 13654 | D:13     | Killed a vault guard
 13667 | D:13     | Noticed a vault guard
 13671 | D:13     | Killed a vault guard
 13680 | D:13     | Killed a vault guard
 13684 | D:13     | Killed a vault guard
 13715 | D:13     | Found a gate to the Vaults.
 13791 | D:13     | Found a basalt altar of Yredelemnul.
 13844 | D:13     | Learned a level 2 spell: Throw Flame
 13848 | D:13     | Learned a level 3 spell: Call Canine Familiar
 14044 | D:13     | Killed flinch's ghost
 14232 | D:14     | Noticed Kirke
 14243 | D:14     | Killed Kirke
 14411 | D:14     | Identified the Compendium of Igneous Lightness
 14422 | D:14     | Learned a level 3 spell: Mephitic Cloud
 14426 | D:14     | Learned a level 3 spell: Conjure Flame
 14436 | D:14     | Learned a level 2 spell: Blink
 14578 | D:14     | Reached skill level 10 in Spellcasting
 14654 | D:14     | Reached XP level 14. HP: 109/109 MP: 17/28
 14921 | D:15     | Entered Level 15 of the Dungeon
 15117 | D:15     | Found a staircase to the Depths.
 15136 | D:15     | Reached skill level 10 in Fighting
 15136 | D:15     | Reached skill level 10 in Short Blades
 15136 | D:15     | Reached skill level 10 in Dodging
 15392 | Lair:1   | Entered Level 1 of the Lair of Beasts
 15407 | Lair:1   | Noticed Grum
 15416 | Lair:1   | Killed Grum
 15598 | Lair:1   | Noticed Erica
 15604 | Lair:1   | Noticed Joseph
 15607 | Lair:1   | Killed Erica
 15615 | Lair:1   | Killed Joseph
 16234 | Lair:2   | Found a staircase to the Snake Pit.
 16518 | Lair:3   | Reached skill level 10 in Invocations
 17006 | Lair:3   | Noticed Sonja
 17016 | Lair:3   | Paralysed by Sonja for 4 turns
 17020 | Lair:3   | Killed Sonja
 17983 | Lair:4   | Learned a level 4 spell: Olgreb's Toxic Radiance
 18178 | Lair:4   | Reached XP level 15. HP: 116/117 MP: 29/29
 18223 | Lair:4   | Found a staircase to the Shoals.
 18843 | Lair:4   | Reached skill level 10 in Armour
 19748 | Lair:5   | Found a staircase to the Slime Pits.
 20055 | Lair:6   | Entered Level 6 of the Lair of Beasts
 20350 | Lair:6   | Reached skill level 10 in Charms
 20462 | Lair:6   | Reached skill level 10 in Long Blades
 20462 | Lair:6   | Reached skill level 10 in Axes
 20462 | Lair:6   | Reached skill level 10 in Maces & Flails
 20462 | Lair:6   | Reached skill level 10 in Polearms
 20462 | Lair:6   | Reached skill level 10 in Staves
 20462 | Lair:6   | Reached skill level 10 in Slings
 20462 | Lair:6   | Reached skill level 10 in Bows
 20462 | Lair:6   | Reached skill level 10 in Crossbows
 20462 | Lair:6   | Reached skill level 10 in Throwing
 20462 | Lair:6   | Reached skill level 10 in Stealth
 20462 | Lair:6   | Reached skill level 10 in Shields
 20462 | Lair:6   | Reached skill level 10 in Unarmed Combat
 20462 | Lair:6   | Reached skill level 10 in Evocations
 20592 | Lair:6   | Upgraded the game from 0.23-a0-26-g9187234747 to 0.23-a0-32-g1388f29e54
 21050 | Lair:6   | Got a translucent jade ring
 21087 | Lair:6   | Identified the ring "Akkiah" {rElec rC+} (You found it on level 6 of the Lair of Beasts)
 21389 | Orc:1    | Entered Level 1 of the Orcish Mines
 21496 | Orc:1    | Found a radiant altar of Vehumet.
 21503 | Orc:1    | Found Venov's Magic Scroll Boutique.
 21553 | Orc:1    | Bought a scroll of identify for 22 gold pieces
 21691 | Orc:2    | Entered Level 2 of the Orcish Mines
 21691 | Orc:2    | Found a staircase to the Elven Halls.
 22135 | Orc:2    | Paralysed by an orc sorcerer for 3 turns
 22143 | Orc:2    | Noticed an orc warlord
 22176 | Orc:2    | HP: 2/118 [orc priest/divine providence (16)]
 22177 | Orc:2    | Killed from afar by an orc high priest

Vault maps used:
D:1:      minmay_arrival_solitary_statue, feat_on_display
D:2:      nicolae_gozag_zags_fifth_avenue, nicolae_ru_sacrificial_ziggurat,
          first_ration, serial_glass, glass_columns_a, glass_columns_a
D:3:      overflow_temple_1_default, serial_park_tiny_2, serial_bayou_pond_d,
          minmay_misc_feat_diagonals, hangedman_decor_slide_cut,
          minmay_divided_ellipse
D:4:      fedhas_altar_4, eat_drink_and_be_merry_uskayaw, enter_ossuary_5
D:5:      gup_sewer_entry_bowl, basic_altar, uniq_grinder, uniq_duvessa
D:6:      gammafunk_temple_overflow_forgotten
D:7:      vehumet_statue, minmay_temple_entry_statues_pillars, uniq_harold,
          uniq_crazy_yiuf_cottage, uniq_menkaure
D:8:      lemuel_slime, lemuel_crystal_altar, old_standard_altar,
          nicolae_dithmenos_through_a_glass_darkly, david_lair_generic,
          basic_altar, serial_shops, shop
D:9:      nemelex_xobeh_ov_fountains_minmay, serial_shops,
          nicolae_shop_overgrown_old_shop, shop
D:10:     hiddenorc2_lemuel, hangedman_stone_soup,
          eino_small_chamber_without_monster, serial_park_tiny_pond
D:11:     lemuel_tele_altar, uniq_fannar
D:12:     cheibrodos_fzero
D:13:     lightli_vaults_fourway_checkpoint, basic_altar,
          gammafunk_ghost_nasty_kobolds, lab_entry_generic, elyvilon_altar_1,
          uniq_maurice
D:14:     small_statue_alley_a, uniq_kirke
D:15:     hangedman_depths_entry_try_elsewhere_first, serial_park_tiny_1,
          serial_shops, nicolae_shop_behind_doors, hex_tiny, abandoned_shop,
          uniq_roxanne, uniq_josephine
Temple:   jpeg_temple_island
Lair:1:   cheibrodos_lair_caveside_slide, uniq_grum, uniq_joseph, uniq_erica
Lair:2:   minmay_snake_entry_six_corridors, grunt_forest_small_clearings,
          grunt_megastairs_5
Lair:3:   bobbens_dragon_lair_wall, uniq_sonja
Lair:4:   minmay_shoals_entry_hut, lemuel_fruit_tree, serial_bayou_shore_b,
          minmay_lair_oklob_chamber
Lair:5:   nicolae_slime_entry_slimehenge
Lair:6:   minmay_lair_end_enchanted_forest
Orc:1:    basic_altar, serial_shops, shop
Orc:2:    st_orc_congregation
Sewer:    sewer_fruit_machine
Ossuary:  minmay_ossuary_two_tombs

Skill      XL: |  1  2  3  4  5  6  7  8  9 10 11 12 13 14 15 |
---------------+----------------------------------------------+-----
Spellcasting   | 5 6 7 8 9 10 11 | 11.3
Invocations    | 1 2 3 4 5 6 7 8 9 10 11 | 11.0
Long Blades    | 1 2 3 4 5 6 7 8 9 10 | 10.2
Axes           | 1 2 3 4 5 6 7 8 9 10 | 10.2
Maces & Flails | 1 2 3 4 5 6 7 8 9 10 | 10.2
Polearms       | 1 2 3 4 5 6 7 8 9 10 | 10.2
Staves         | 1 2 3 4 5 6 7 8 9 10 | 10.2
Slings         | 1 2 3 4 5 6 7 8 9 10 | 10.2
Bows           | 1 2 3 4 5 6 7 8 9 10 | 10.2
Crossbows      | 1 2 3 4 5 6 7 8 9 10 | 10.2
Throwing       | 1 2 3 4 5 6 7 8 9 10 | 10.2
Stealth        | 1 2 3 4 5 6 7 8 9 10 | 10.2
Shields        | 1 2 3 4 5 6 7 8 9 10 | 10.2
Unarmed Combat | 1 2 3 4 5 6 7 8 9 10 | 10.2
Evocations     | 1 2 3 4 5 6 7 8 9 10 | 10.2
Conjurations   | 1 2 3 4 5 6 7 8 |  8.6
Hexes          | 1 2 3 4 5 6 7 8 |  8.6
Summonings     | 1 2 3 4 5 6 7 8 |  8.6
Necromancy     | 1 2 3 4 5 6 7 8 |  8.6
Translocations | 1 2 3 4 5 6 7 8 |  8.6
Transmutations | 1 2 3 4 5 6 7 8 |  8.6
Fire Magic     | 1 2 3 4 5 6 7 8 |  8.6
Ice Magic      | 1 2 3 4 5 6 7 8 |  8.6
Air Magic      | 1 2 3 4 5 6 7 8 |  8.6
Earth Magic    | 1 2 3 4 5 6 7 8 |  8.6
Poison Magic   | 1 2 3 4 5 6 7 8 |  8.6
Armour         | 3 4 5 6 7 8 9 10 | 10.5
Fighting       | 5 6 7 8 9 10 11 | 11.1
Short Blades   | 5 6 7 8 9 10 11 | 11.1
Dodging        | 5 6 7 8 9 10 11 | 11.1
Charms         | 6 7 8 9 10 | 10.2

Action                   |  1- 3 |  4- 6 |  7- 9 | 10-12 | 13-15 || total
-------------------------+-------+-------+-------+-------+-------++-------
Melee: Short sword       |    79 |       |       |       |       ||    79
       Bite              |    15 |    22 |   129 |    86 |   198 ||   450
       Dagger            |    48 |   259 |   960 |    50 |    42 ||  1359
       Punch             |       |     4 |    10 |       |     1 ||    15
       Katana            |       |       |       |   401 |   711 ||  1112
 Fire: Blowgun           |       |       |       |       |    12 ||    12
Throw: Tomahawk          |       |       |       |     1 |       ||     1
 Cast: Infusion          |     2 |     6 |     4 |     6 |     4 ||    22
       Shroud of Golubri |     1 |     5 |    23 |    21 |    37 ||    87
       Song of Slaying   |       |     3 |    11 |    20 |    25 ||    59
       Spectral Weapon   |       |     3 |    22 |    33 |    51 ||   109
       Regeneration      |       |     6 |    20 |    21 |    25 ||    72
       Call Imp          |       |       |       |     2 |       ||     2
       Mephitic Cloud    |       |       |       |       |    15 ||    15
       Blink             |       |       |       |       |     7 ||     7
       Throw Flame       |       |       |       |       |    46 ||    46
       Olgreb's Toxic Ra |       |       |       |       |     3 ||     3
Invok: Bend Time         |       |       |       |     1 |     1 ||     2
 Abil: Evoke Invisibilit |       |       |       |       |     1 ||     1
  Use: Scroll            |       |     6 |     7 |    11 |    15 ||    39
       Potion            |       |       |     5 |       |     6 ||    11
 Stab: Sleeping          |       |     2 |     8 |    13 |    27 ||    50
       Distracted        |       |       |     3 |     5 |    14 ||    22
       Confused          |       |       |       |       |    10 ||    10
  Eat: Chunk             |     2 |     8 |    17 |    10 |    15 ||    52
       Ration            |       |       |     1 |     1 |     1 ||     3
Armor: Leather armour    |    38 |    25 |    43 |       |       ||   106
       Robe              |       |       |    21 |    18 |       ||    39
       Ring mail         |       |       |     1 |       |       ||     1
       Troll leather arm |       |       |       |    97 |   168 ||   265
Dodge: Dodged            |    87 |   100 |   322 |   339 |   707 ||  1555
Block: Other             |       |    15 |   109 |       |     2 ||   126
       Reflection        |       |     1 |     6 |    45 |    29 ||    81
       Buckler           |       |       |    44 |   303 |   605 ||   952
       Rpst.: Katana     |       |       |       |    43 |   124 ||   167

Table legend:
 A = Spawn XP
 B = Non-spawn XP
 C = Spawn XP percentage of total XP
 D = Spawn monster count
 E = Non-spawn monster count
 F = Spawn count percentage of total count
 G = Total turns spent on level
                    A         B        C        D         E        F      G
               +---------+---------+-------+---------+---------+-------+---------
         Total |       0 |  124365 |   0.0 |       0 |     888 |   0.0 | 22177
               +---------+---------+-------+---------+---------+-------+---------
           D:1 |       0 |      48 |   0.0 |       0 |      26 |   0.0 |  1062
           D:2 |       0 |      40 |   0.0 |       0 |      15 |   0.0 |   928
           D:3 |       0 |     262 |   0.0 |       0 |      41 |   0.0 |  1345
           D:4 |       0 |     269 |   0.0 |       0 |      16 |   0.0 |   906
           D:5 |       0 |     920 |   0.0 |       0 |      18 |   0.0 |  1026
           D:6 |       0 |     495 |   0.0 |       0 |      19 |   0.0 |   888
           D:7 |       0 |    2572 |   0.0 |       0 |      29 |   0.0 |   994
           D:8 |       0 |    3753 |   0.0 |       0 |      48 |   0.0 |   953
           D:9 |       0 |    2114 |   0.0 |       0 |      22 |   0.0 |   684
          D:10 |       0 |    3310 |   0.0 |       0 |      66 |   0.0 |   875
          D:11 |       0 |    3903 |   0.0 |       0 |      37 |   0.0 |   643
          D:12 |       0 |    6208 |   0.0 |       0 |      38 |   0.0 |   849
          D:13 |       0 |   20540 |   0.0 |       0 |      71 |   0.0 |  1340
          D:14 |       0 |   10842 |   0.0 |       0 |      38 |   0.0 |   844
          D:15 |       0 |    3998 |   0.0 |       0 |      11 |   0.0 |   316
        Temple |       0 |       3 |   0.0 |       0 |       1 |   0.0 |   213
        Lair:1 |       0 |    3548 |   0.0 |       0 |      12 |   0.0 |   499
        Lair:2 |       0 |    7857 |   0.0 |       0 |      38 |   0.0 |   641
        Lair:3 |       0 |    9530 |   0.0 |       0 |      46 |   0.0 |  1123
        Lair:4 |       0 |   10529 |   0.0 |       0 |      28 |   0.0 |  1663
        Lair:5 |       0 |    3453 |   0.0 |       0 |      23 |   0.0 |   824
        Lair:6 |       0 |   20272 |   0.0 |       0 |      81 |   0.0 |  1159
         Orc:1 |       0 |    1094 |   0.0 |       0 |      14 |   0.0 |   302
         Orc:2 |       0 |    8186 |   0.0 |       0 |      86 |   0.0 |   486
         Sewer |       0 |      89 |   0.0 |       0 |      26 |   0.0 |   805
       Ossuary |       0 |     530 |   0.0 |       0 |      38 |   0.0 |   809
               +---------+---------+-------+---------+---------+-------+---------
